 Dungeon Crawl Stone Soup version 0.26-a0-784-g51bffae0b1 (console) character file.

Game seed: 1822504494495085294

286 Gather the Changer (level 6, 0/43 HPs)
             Began as a Barachi Transmuter on Nov 10, 2020.
             Blown up by Pikel (29 damage)
             ... with a disintegration bolt
             ... on level 4 of the Dungeon.
             The game lasted 00:36:14 (4305 turns).

Gather the Changer (Barachi Transmuter)             Turns: 4305, Time: 00:36:15

Health: 0/43       AC:  2    Str: 11    XL:     6   Next: 30%
Magic:  6/9        EV: 21    Int: 15    God:
Gold:   167        SH:  5    Dex: 18    Spells: 5/9 levels left

rFire    . . .     SeeInvis .     - Unarmed
rCold    . . .     Faith    .   (shield currently unavailable)
rNeg     . . .     Spirit   .   (armour currently unavailable)
rPois    x         Reflect  +   (helmet currently unavailable)
rElec    .         Harm     .   (cloak currently unavailable)
rCorr    +         Rampage  .   (gloves currently unavailable)
MR       .....                  (boots currently unavailable)
Stlth    ++........             p - amulet of reflection
HPRegen  0.14/turn              q - ring of resist corrosion
MPRegen  0.11/turn              (no ring)

@: spider-form
A: tiny, +LOS, swims
a: End Transformation


You were on level 4 of the Dungeon.
You were a venomous arachnid creature.
You visited 1 branch of the dungeon, and saw 4 of its levels.

You collected 167 gold pieces.

Inventory:

Hand Weapons
 s - a +0 hunting sling
Missiles
 r - 10 poisoned darts (quivered)
 t - 41 sling bullets
Armour
 a - a +0 robe (melded)
 d - a +0 helmet (melded)
 e - a +0 buckler
 g - a +0 leather armour
Jewellery
 p - an amulet of reflection (around neck)
 q - a ring of resist corrosion (left front leg)
Wands
 o - a wand of iceblast (8)
 v - a wand of polymorph (8)
Scrolls
 b - 4 scrolls of identify {unknown}
 i - a scroll of enchant armour {unknown}
 j - 2 scrolls of amnesia {unknown}
 k - a scroll of enchant weapon {unknown}
 l - a scroll of noise {unknown}
 m - a scroll of remove curse {unknown}
 n - a scroll of teleportation {unknown}
Potions
 c - a potion of flight {unknown}
 f - a potion of cancellation {unknown}
 h - a potion of degeneration {unknown}
 u - a potion of attraction {unknown}


   Skills:
 - Level 1.2 Fighting
 + Level 3.4 Dodging
 - Level 3.7 Unarmed Combat
 - Level 2.1 Spellcasting
 + Level 5.8 Transmutations
 - Level 1.7 Poison Magic


You had 5 spell levels left.
You knew the following spells:

 Your Spells              Type           Power        Failure   Level
a - Beastly Appendage     Tmut           ###...       8%          1
x - Spider Form           Tmut/Pois      ##........   32%         3

Your spell library contained the following spells:

 Spells                   Type           Power        Failure   Level
 Wereblood                Tmut           ###.....     11%         2
 Blade Hands              Tmut           ###.......   69%         5
 Ice Form                 Ice/Tmut       ##......     75%         4


Dungeon Overview and Level Annotations

Branches:
Dungeon (4/15)
 Temple: D:4-7

Altars:
Wu Jian

Annotations:
D:4 Pikel


Innate Abilities, Weirdness & Mutations

You can be seen from farther away. (+LOS)
You can swim through water.
((You cover ground slowly.))
((You can hop short distances.))


Message History

You start resting.
HP restored.
You climb downwards.
Level annotation: Pikel
There is a stone staircase leading up here.
Pikel shouts!
You hear a shout! x3
Casting: Spider Form (dangerous; 14% risk of failure)
Confirm with . or Enter, or press ? or * to list all spells.
You turn into a venomous arachnid creature.
Your +0 helmet melds into your body.
Your +0 robe melds into your body.
Pikel zaps a wand.
You barely resist.
Pikel zaps a wand.
You barely resist. You barely miss Pikel. You block Pikel's attack.
The lemure closely misses you.
Pikel says, "You'll make a fine lemure."
You hit Pikel but do no damage.
Pikel is poisoned.
Pikel zaps a wand.
You are blasted!
You bite Pikel!
Pikel is lightly wounded.
Pikel zaps a wand.
You are blasted!
Ouch! That really hurt!
You die...

....# .... ...#
#..# # #..#
#.#.#.#..###.#.5≈
#...........>.5.5
#.# #[# #.# #.#
#.#.##.###
#.....5Ks#
#.######.# #.#
#.# #.# #.# #.#
#.# #.# #.#
#.######.#
#.[...##.########
#####.##.........
#<......(....
#############


You could see Pikel (very poisoned) and a lemure.

Vanquished Creatures
  2 lemures (D:3)
  3 orc priests
  An orc wizard (D:3)
  6 gnolls
  2 adders
  A shadow imp (D:3)
  An ooze (D:1)
  A worm (D:3)
  2 dart slugs
  3 leopard geckos
  12 orcs
  3 bats
  2 giant cockroaches
  7 goblins
  3 hobgoblins (D:3)
  4 jackals (D:1)
  4 kobolds
  7 frilled lizards
  9 rats
73 creatures vanquished.

Vanquished Creatures (others)
  4 plants (D:4)
4 creatures vanquished.

Grand Total: 77 creatures vanquished

Notes
Turn   | Place    | Note
-------+----------+-------------------------------------------
     0 | D:1      | Gather the Barachi Transmuter began the quest for the Orb.
     0 | D:1      | Reached XP level 1. HP: 15/15 MP: 3/3
   429 | D:1      | Reached skill level 3 in Transmutations
   429 | D:1      | Reached XP level 2. HP: 21/21 MP: 3/5
  1050 | D:1      | Reached XP level 3. HP: 7/26 MP: 6/6
  1055 | D:1      | Learned a level 3 spell: Spider Form
  1492 | D:2      | Reached skill level 1 in Poison Magic
  1810 | D:2      | Reached XP level 4. HP: 23/32 MP: 2/7
  1815 | D:2      | Reached skill level 4 in Transmutations
  2143 | D:2      | Found an ornate altar of the Wu Jian Council.
  2515 | D:3      | Reached skill level 5 in Transmutations
  2515 | D:3      | Reached XP level 5. HP: 31/37 MP: 4/8
  3503 | D:4      | Reached XP level 6. HP: 13/43 MP: 4/9
  4113 | D:4      | Noticed Pikel
  4305 | D:4      | Blown up by Pikel

Illustrated notes

Levels and vault maps discovered:
D:1:      ebering_hopf_link, layout_basic, minmay_misc_feat_pillars
D:2:      lemuel_upstairs_altar, layout_basic, lemuel_coloured_pillars_altar
D:3:      layout_loops_ring
D:4:      layout_loops_ring, kennysheep_doodads, fedhas_ov_isle_minmay,
          uniq_menkaure, uniq_pikel, uniq_natasha

Skill      XL: |  1  2  3  4  5 |
---------------+----------------+-----
Transmutations | 3 5 |  5.8
Poison Magic   | 1 |  1.7
Dodging        | 3 |  3.4
Fighting       | |  1.2
Unarmed Combat | |  3.7
Spellcasting   | |  2.1

Action                   |  1- 3 |  4- 6 || total
-------------------------+-------+-------++-------
Melee: Unarmed           |   115 |   120 ||   235
       Kick              |     8 |     2 ||    10
       Headbutt          |     4 |     1 ||     5
       Punch             |     1 |       ||     1
Throw: Dart              |       |     1 ||     1
 Cast: Beastly Appendage |    20 |     4 ||    24
       Spider Form       |     4 |    19 ||    23
 Abil: Hop               |     2 |       ||     2
  Use: Potion            |     2 |       ||     2
 Stab: Sleeping          |     1 |     1 ||     2
Armor: Robe              |    20 |     1 ||    21
       Skin              |     1 |     4 ||     5
Dodge: Dodged            |    81 |    69 ||   150
Block: Buckler           |    12 |       ||    12
       Other             |     2 |    19 ||    21

Table legend: (Time is in decaauts)
 A = Elapsed time spent in this place.
 B = Non-inter-level travel time spent in this place.
 C = Inter-level travel time spent in this place.
 D = Time resting spent in this place.
 E = Time spent auto-exploring this place.
 F = Levels seen in this place.
 G = Mean time per level.
                   A        B        C        D        E       F      G
               +--------+--------+--------+--------+--------+-----+--------+
         Total |   4663 |   4409 |    254 |   1011 |   2553 |   4 | 1165.8 |
       Dungeon |   4663 |   4409 |    254 |   1011 |   2553 |   4 | 1165.8 |
               +--------+--------+--------+--------+--------+-----+--------+

Top non-repeatable levels by time:
     D:3: 1553 daAuts
     D:1: 1493 daAuts
     D:2: 1252 daAuts
     D:4: 363 daAuts
